 Dungeon Crawl Stone Soup version 0.22-b1-21-g5cfc1688f2 (webtiles) character file.

23578 Jorund the Severer (level 12, -24/95 HPs)
             Began as a Demonspawn Fighter on Aug 8, 2018.
             Was the Champion of Okawaru.
             Annihilated by a minotaur
             ... wielding a +2 short sword of protection
              (29 damage)
             ... in a labyrinth.
             The game lasted 00:38:18 (15337 turns).

Jorund the Severer (Demonspawn Fighter)            Turns: 15337, Time: 00:38:24

Health: -24/95     AC: 13    Str: 23    XL:     12   Next: 73%
Magic:  16/16      EV: 20    Int: 14    God:    Okawaru [******]
Gold:   388        SH:  0    Dex: 17    Spells: 11/11 levels left

rFire    + . .     SeeInvis .   p - +6 executioner's axe (vamp)
rCold    . . .     Gourm    .   (shield currently unavailable)
rNeg     . . .     Faith    .   b - +0 scale mail
rPois    .         Spirit   .   I - +1 hat "Pyuthy" {+Inv Regen+}
rElec    .         Reflect  .   g - scarf {repulsion}
rCorr    .         Harm     .   o - +2 pair of gloves
MR       .....                  t - +0 pair of boots
Stlth    +.........             l - amulet of the acrobat
HPRegen  0.65/turn              n - +5 ring of evasion
MPRegen  0.15/turn              s - ring of protection from fire

@: mighty, agile, repel missiles
A: antennae 2, powered by death 1, powered by pain 2, augmentation 1, sturdy
frame 2
a: Heroism, Finesse, Renounce Religion, Evoke Invisibility


You were in a labyrinth.
You worshipped Okawaru.
Okawaru was exalted by your worship.
You were not hungry.

You visited 3 branches of the dungeon, and saw 16 of its levels.
You also visited: Labyrinth.

You collected 827 gold pieces.
You spent 439 gold pieces at shops.

Inventory:

Hand Weapons
 p - a +6 vampiric executioner's axe (weapon)
 H - a +0 war axe of venom
Missiles
 w - a throwing net
 G - 2 poisoned javelins (quivered)
Armour
 b - a +0 scale mail (worn)
 c - a +0 shield
 g - a scarf of repulsion (worn)
 o - a +2 pair of gloves (worn)
 t - a +0 pair of boots (worn)
 v - a scarf of resistance
 I - the +1 hat "Pyuthy" (worn) {+Inv Regen+}
   (Okawaru gifted it to you on level 1 of the Lair of Beasts)

   It lets you turn invisible.
   It increases your rate of regeneration.
Jewellery
 a - an uncursed ring of poison resistance
 h - an uncursed ring of magical power
 i - an uncursed ring of resist corrosion
 l - an amulet of the acrobat (around neck)
 n - a +5 ring of evasion (left hand)
 q - an uncursed ring of protection from cold
 s - a ring of protection from fire (right hand)
 B - an uncursed ring of fire
Wands
 d - a wand of paralysis (13)
 u - a wand of polymorph (11)
 y - a wand of acid (6)
 K - a wand of flame (16)
Scrolls
 r - a scroll of fear
 x - 8 scrolls of identify
 z - 2 scrolls of teleportation
 F - a scroll of silence
 J - 2 scrolls of remove curse
 M - a scroll of amnesia
Potions
 e - a potion of haste
 k - 3 potions of curing
 A - a potion of cancellation
 C - a potion of brilliance
 E - a potion of flight
Comestibles
 f - 39 rations


   Skills:
 + Level 9.0 Fighting
 * Level 15.5 Axes
 + Level 8.0 Armour
 - Level 2.6 Shields
 * Level 5.5 Invocations
 - Level 1.4 Evocations


You had 11 spell levels left.
You didn't know any spells.
Your spell library contained the following spells:

 Spells                   Type           Power        Failure   Level  Hunger
 Magic Dart               Conj           #...         36%         1    ##.....
 Iskenderun's Mystic Bla  Conj           #.......     98%         4    #####..
 Fulminant Prism          Conj/Hex       #.........   98%         4    #####..
 Dazzling Spray           Conj/Hex       #.....       75%         3    ####...
 Force Lance              Conj/Tloc      #.......     98%         4    #####..
 Searing Ray              Conj           #.....       50%         2    ###....


Dungeon Overview and Level Annotations

Branches:
Dungeon (11/15)            Temple (1/1) D:5            Lair (4/6) D:11
  Swamp (0/4) Lair:2        Snake (0/4) Lair:3          Orc (0/2) D:10

Altars:
Ashenzari
Cheibriados
Dithmenos
Elyvilon
Fedhas
Gozag
Hepliaklqana
Kikubaaqudgha
Makhleb
Nemelex Xobeh
Okawaru
Qazlal
Ru
Sif Muna
Trog
Uskayaw
Vehumet
Wu Jian
Xom
Yredelemnul
Zin
The Shining One

Shops:
D:2 *   D:8 ?


Innate Abilities, Weirdness & Mutations

You have a pair of antennae on your head.
You regenerate a little health from kills.
You sometimes gain power by taking damage.
Your magical and physical power is slightly enhanced at high health.
Your movements are less encumbered by armour. (ER -4)


Message History

The minotaur hits you with a short sword of protection!!
* * * LOW HITPOINT WARNING * * *
You focus on the pain.
You feel more agile all of a sudden. The minotaur gores you!
* * * LOW HITPOINT WARNING * * *
You feel much better.
The minotaur hits you but does no damage.
The minotaur closely misses you.
You hit the minotaur.
You feel better.
The minotaur is almost dead.
The minotaur completely misses you. The minotaur gores you.
You barely miss the minotaur.
The minotaur furiously retaliates!
The minotaur headbutts you, but does no damage.
The minotaur is almost dead.
The minotaur hits you with a short sword of protection!!
* * * LOW HITPOINT WARNING * * *
The minotaur closely misses you.
The minotaur hits you with a short sword of protection!!
You die...

# ### #. #..
## .###.# # .
#...#.#.#
#.###...#.###
#........ #
#.# ##'##..#
#. #8@8# ..#
## # ..#H..#
. ... #8.8# #
### .#[.[#
...#..#8.8#
## . #%.)#
#...#..#8<8#
.## ..#####
#. .


You could see a minotaur.

Vanquished Creatures
  Gastronok (Lair:2)
  Snorg (D:10)
  A catoblepas (Lair:2)
  3 two-headed ogres
  An unseen horror (D:11)
  Pikel (D:6)
  2 centaur zombies
  A cyclops (D:11)
  A black mamba (Lair:4)
  Psyche (D:8)
  2 centaur skeletons
  3 spiny frogs
  A kobold demonologist (D:11)
  A tyrant leech (Lair:2)
  2 trolls (D:9)
  4 blink frogs (Lair:3)
  A raiju (shapeshifter) (D:11)
  A meliai zombie (D:10)
  6 hippogriffs
  2 shadows
  14 yaks
  A basilisk (Lair:2)
  2 wyverns (D:11)
  2 hungry ghosts (D:9)
  A steam dragon (D:10)
  3 swamp worms (Lair:2)
  6 water moccasins
  5 orc warriors
  7 porcupines
  3 sky beasts
  5 ice beasts
  A slave (D:5)
  A hornet zombie (D:11)
  4 black bears
  3 phantoms
  4 ogres
  11 wolves
  7 crocodiles
  3 centaurs
  7 bullfrogs
  2 scorpions
  4 wights
  8 killer bees
  A howler monkey (D:9)
  5 crimson imps
  A bullfrog zombie (D:7)
  A quasit (D:6)
  9 hounds
  2 gnoll shamans
  5 orc priests
  5 iguanas
  2 bullfrog skeletons
  16 orc wizards
  5 hell rats (Lair:3)
  8 worker ants
  A hound skeleton (D:7)
  Robin (D:4)
  13 gnolls
  18 adders
  12 river rats (Lair:3)
  3 shadow imps
  2 oozes
  An adder zombie (D:5)
  An adder skeleton (D:6)
  2 worms
  2 dart slugs (D:2)
  10 leopard geckos
  53 orcs
  5 bats
  4 giant cockroaches
  11 hobgoblins
  11 jackals
  13 quokkas
  A ball python (D:2)
  4 frilled lizards
  16 goblins
  6 kobolds
  16 rats
  A butterfly (Lair:1)
  A fungus (Lair:3)
408 creatures vanquished.

Vanquished Creatures (others)
  A slave (D:6)
  4 fungi
  6 plants
11 creatures vanquished.

Grand Total: 419 creatures vanquished

Notes
Turn   | Place    | Note
-------+----------+-------------------------------------------
     0 | D:1      | Jorund the Demonspawn Fighter began the quest for the Orb.
     0 | D:1      | Reached XP level 1. HP: 18/18 MP: 1/1
   205 | D:1      | Reached skill level 2 in Axes
   226 | D:1      | Gained mutation: You have a pair of small antennae on your head. [demonic ancestry]
   226 | D:1      | Reached XP level 2. HP: 16/24 MP: 2/2
   736 | D:2      | Reached XP level 3. HP: 4/29 MP: 3/3
   749 | D:2      | HP: 1/29 [poisoned by an adder]
  1122 | D:2      | Found Gozag's Platinum Reserve.
  1359 | D:2      | Found an opulent altar of Gozag.
  1464 | D:2      | Reached skill level 3 in Axes
  1851 | D:2      | Gained mutation: You regenerate a little health from kills. [demonic ancestry]
  1851 | D:2      | Reached XP level 4. HP: 34/35 MP: 4/4
  1880 | D:2      | Found a snail-covered altar of Cheibriados.
  2675 | D:3      | Gained mutation: Your movements are slightly less encumbered by armour. (ER -2) [demonic ancestry]
  2675 | D:3      | Reached XP level 5. HP: 26/41 MP: 5/5
  2833 | D:3      | Reached skill level 4 in Axes
  2848 | D:3      | Found a stormy altar of Qazlal.
  3471 | D:4      | Noticed an ogre
  3672 | D:4      | Found a shadowy altar of Dithmenos.
  3673 | D:4      | Found a sparkling altar of Nemelex Xobeh.
  3696 | D:4      | Noticed Robin
  3697 | D:4      | Gained mutation: You sometimes gain a little power by taking damage. [demonic ancestry]
  3697 | D:4      | Reached XP level 6. HP: 48/48 MP: 6/6
  3723 | D:4      | Killed Robin
  3726 | D:4      | Reached skill level 5 in Axes
  3999 | D:4      | Noticed a sky beast
  4026 | D:4      | Killed a sky beast
  4026 | D:4      | Gained mutation: You have a pair of antennae on your head. [demonic ancestry]
  4026 | D:4      | Reached XP level 7. HP: 29/54 MP: 7/7
  4105 | D:4      | Reached skill level 6 in Axes
  4317 | D:4      | Found a white marble altar of Elyvilon.
  4338 | D:5      | Entered Level 5 of the Dungeon
  4361 | D:4      | Found a burning altar of Makhleb.
  4945 | D:5      | Found a staircase to the Ecumenical Temple.
  4955 | Temple   | Entered the Ecumenical Temple
  5037 | Temple   | Became a worshipper of Warmaster Okawaru
  5121 | D:6      | Reached skill level 7 in Axes
  5592 | D:6      | Reached XP level 8. HP: 59/61 MP: 8/8
  5606 | D:6      | Got a shimmering war axe
  5616 | D:6      | Identified the cursed +1 war axe "Dunaforou" {chop, Fragile rF+++ Dex+4 Stlth+} (You found it on level 6 of the Dungeon)
  5782 | D:6      | Found a glowing silver altar of Zin.
  5925 | D:6      | Noticed Pikel
  5957 | D:6      | Killed Pikel
  5957 | D:6      | Reached * piety under Okawaru
  5957 | D:6      | Reached skill level 8 in Axes
  6004 | D:6      | Reached skill level 5 in Fighting
  6215 | D:6      | Reached skill level 9 in Axes
  6437 | D:7      | Reached ** piety under Okawaru
  6530 | D:7      | Gained mutation: Your movements are less encumbered by armour. (ER -4) [demonic ancestry]
  6530 | D:7      | Reached XP level 9. HP: 68/68 MP: 9/9
  6684 | D:7      | Found a hazy altar of Hepliaklqana.
  6837 | D:7      | Reached skill level 10 in Axes
  6933 | D:7      | Reached skill level 5 in Armour
  7032 | D:7      | Found a sacrificial altar of Ru.
  7766 | D:8      | Found a burning altar of Makhleb.
  7766 | D:8      | Noticed Psyche
  7788 | D:8      | Killed Psyche
  7788 | D:8      | Reached *** piety under Okawaru
  7874 | D:8      | Noticed a two-headed ogre
  7889 | D:8      | Killed a two-headed ogre
  7889 | D:8      | Reached skill level 11 in Axes
  7889 | D:8      | Gained mutation: Your magical and physical power is slightly enhanced at high health. [demonic ancestry]
  7889 | D:8      | Reached XP level 10. HP: 64/76 MP: 10/10
  7904 | D:8      | Found Lyraz's Magic Scroll Shop.
  7907 | D:8      | Bought a scroll of identify for 22 gold pieces
  7907 | D:8      | Bought a scroll of teleportation for 33 gold pieces
  7907 | D:8      | Bought a scroll of teleportation for 33 gold pieces
  8196 | D:9      | Reached **** piety under Okawaru
  8413 | D:9      | Reached skill level 1 in Evocations
  8756 | D:9      | Reached skill level 12 in Axes
  9264 | D:9      | Found a hide-covered altar of Uskayaw.
  9479 | D:10     | Entered Level 10 of the Dungeon
  9488 | D:10     | Noticed a two-headed ogre
  9499 | D:10     | Killed a two-headed ogre
  9499 | D:10     | Reached ***** piety under Okawaru
  9612 | D:10     | Gained mutation: You sometimes gain power by taking damage. [demonic ancestry]
  9612 | D:10     | Reached XP level 11. HP: 76/84 MP: 11/11
  9647 | D:10     | Found a staircase to the Orcish Mines.
  9740 | D:10     | Reached skill level 13 in Axes
 10221 | D:10     | Noticed Snorg
 10828 | D:10     | Killed Snorg
 10828 | D:10     | Received a gift from Okawaru
 10906 | D:11     | Killed an unseen horror
 10970 | D:11     | Received a gift from Okawaru
 11219 | D:11     | Reached skill level 1 in Invocations
 11235 | D:11     | Reached skill level 14 in Axes
 11263 | D:11     | Noticed a white ugly thing
 11345 | D:8      | Bought 3 scrolls of enchant weapon for 247 gold pieces
 11345 | D:8      | Bought a scroll of silence for 82 gold pieces
 11345 | D:8      | Bought a scroll of identify for 22 gold pieces
 11610 | D:11     | Noticed a sixfirhy
 11695 | D:11     | Found a staircase to the Lair.
 11700 | D:11     | Noticed a two-headed ogre
 11724 | D:11     | Killed a two-headed ogre
 11724 | D:11     | Reached ****** piety under Okawaru
 12025 | Lair:1   | Entered Level 1 of the Lair of Beasts
 12063 | Lair:1   | Reached XP level 12. HP: 34/93 MP: 14/14
 12069 | Lair:1   | Received a gift from Okawaru
 12081 | Lair:1   | Got an ichor-stained hat {god gift}
 12087 | Lair:1   | Identified the +1 hat "Pyuthy" {+Inv Regen+} (Okawaru gifted it to you on level 1 of the Lair of Beasts)
 13488 | Lair:2   | Noticed Gastronok
 13566 | Lair:2   | Noticed a catoblepas
 13580 | Lair:2   | Killed a catoblepas
 13678 | Lair:2   | Noticed an eight-headed hydra
 13805 | Lair:2   | Killed Gastronok
 13805 | Lair:2   | Reached skill level 15 in Axes
 13904 | Lair:2   | Found a staircase to the Swamp.
 14343 | Lair:3   | Reached skill level 5 in Invocations
 14800 | Lair:3   | Found a staircase to the Snake Pit.
 15193 | Lair:4   | Found a labyrinth entrance.
 15213 | Lab      | Entered a labyrinth
 15319 | Lab      | Noticed a minotaur
 15334 | Lab      | HP: 3/95 [minotaur/short sword of protection (10)]
 15337 | Lab      | Annihilated by a minotaur

Skill      XL: |  1  2  3  4  5  6  7  8  9 10 11 12 |
---------------+-------------------------------------+-----
Axes           | 2 3 4 5 7 9 11 12 14 15 | 15.5
Armour         | 3 4 5 6 7 8 |  8.0
Fighting       | 4 5 6 7 8 9 |  9.0
Evocations     | 1 |  1.4
Invocations    | 3 5 |  5.5
Shields        | |  2.6

Action                   |  1- 3 |  4- 6 |  7- 9 | 10-12 || total
-------------------------+-------+-------+-------+-------++-------
Melee: War axe           |   113 |   192 |   369 |   709 ||  1383
       Executioner's axe |       |       |       |    14 ||    14
       Punch             |       |       |       |     1 ||     1
Throw: Javelin           |       |       |     4 |     5 ||     9
Invok: Heroism           |       |       |       |     2 ||     2
Evoke: Wand              |       |       |     6 |     8 ||    14
  Use: Potion            |     1 |     2 |     3 |    10 ||    16
       Scroll            |       |     6 |     8 |    15 ||    29
 Stab: Invisible         |       |       |       |     6 ||     6
       Paralysed         |       |       |       |     4 ||     4
  Eat: Chunk             |     3 |     7 |    11 |    19 ||    40
       Ration            |       |       |     1 |     4 ||     5
Armor: Scale mail        |    61 |   103 |   120 |   205 ||   489
Dodge: Dodged            |    60 |   170 |   298 |   514 ||  1042
       Deflected         |       |     1 |     2 |     3 ||     6
